 Dungeon Sprint DCSS version 0.17.0-15-g6d90897 (webtiles) character file.

73605 hexophile the Eye of the Storm (level 15, -20/147 HPs)
             Began as a Ghoul Gladiator on Nov 10, 2015.
             Was a Priest of Qazlal.
             Killed from afar by Nikola (34 damage)
             ... with a bolt of lightning
             ... in the Dungeon (Sprint IX: "|||||||||||||||||||||||||||||").
             The game lasted 00:18:51 (5394 turns).

hexophile the Eye of the Storm (Ghoul Gladiator)    Turns: 5394, Time: 00:18:51

Health: -20/147    AC: 25    Str: 21    XL:     15   Next: 43%
Magic:  26/33      EV: 15    Int:  5    God:    Qazlal [***...]
Gold:   545        SH:  9    Dex: 12    Spells: 0 memorised, 45 levels left

rFire  . . .     SeeInvis +     q - +2 scimitar (elec)
rCold  + + .     Clarity  .     c - +7 Kryia's mail coat {DeviceHeal*2 rC+}
rNeg   + + +     SustAt   .     b - +2 buckler
rPois  ∞         Gourm    .     C - +2 hat of the Big Bang {MR+}
rElec  .         Spirit   .     (no cloak)
rCorr  .         Warding  .     E - +1 pair of gloves
rMut   .         NoTele   +     p - +1 pair of boots
MR     ++...                    (no amulet)
Stlth  ..........               B - +2 ring of protection
                                D - ring of see invisible {SInv}

@: very slightly contaminated, rotting, invisible, very resistant to hostile
enchantments, extremely unstealthy
A: rotting body, claws 1, carnivore 3, cold resistance 1, negative energy
resistance 3, slow regeneration 1, torment resistance, unbreathing
a: Upheaval, Elemental Force, Renounce Religion


You were in the Dungeon.
You worshipped Qazlal.
Qazlal was most pleased with you.
You were not hungry.

You visited 1 branch You collected 1909 gold pieces.
You spent 1364 gold pieces at shops.


Innate Abilities, Weirdness & Mutations

Your body is rotting away.
You thrive on raw meat.
You are immune to poison.
You have sharp fingernails.
You are carnivorous and can eat meat at any time.
Your flesh is cold resistant.
You are immune to negative energy.
You regenerate slowly when monsters are visible.
You are immune to unholy pain and torment.
You can survive without breathing.

Inventory:

Hand Weapons
 q - a +2 scimitar of electrocution (weapon)
Armour
 b - a +2 buckler (worn)
 c - the +7 Kryia's mail coat (worn) {DeviceHeal*2 rC+}
   (You bought it in a shop in the Dungeon)

   It protects you from cold.
 p - a +1 pair of boots (worn)
 C - the +2 hat of the Big Bang (worn) {MR+}
   (You bought it in a shop in the Dungeon)

   It affects your resistance to hostile enchantments.
 E - a +1 pair of gloves (worn)
Magical Staves
 w - an uncursed staff of energy {channel}
Jewellery
 B - a +2 ring of protection (right hand)
 D - a ring of see invisible (left hand) {SInv}
Wands
 d - a wand of cold (9)
Scrolls
 h - 2 scrolls of enchant weapon
 m - 4 scrolls of remove curse
 y - 2 scrolls of recharging
 G - a scroll of identify
Potions
 f - 3 potions of curing
 i - 4 potions of magic
 o - 3 potions of brilliance {Archmagi Int+5 Wiz++}
Comestibles
 a - 2 chunks of flesh
 e - 11 meat rations
 r - 12 bread rations
 A - 40 fruits


You had 45 spell levels left.
You didn't know any spells.


   Skills:
 - Level 17.5 Fighting
 - Level 15.5 Long Blades
 - Level 1.7 Throwing
 * Level 12.8 Armour
 * Level 13.1 Dodging
 * Level 15.5 Spellcasting
 * Level 22.8 Invocations
 * Level 12.2 Evocations

Dungeon Overview and Level Annotations

Branches:
Dungeon (1/1)

Altars:
Cheibriados
Dithmenos
Elyvilon
Fedhas
Gozag
Kikubaaqudgha
Makhleb
Nemelex Xobeh
Okawaru
Qazlal
Ru
Sif Muna
Trog
Vehumet
Xom
Yredelemnul
Zin
The Shining One
Beogh
Jiyva
Lugonu

Shops:
D ![}[

Annotations:
D Nikola

Vault maps used:
D:        linesprint
You       could see Nikola.


Message History

Aim: Mennas, wielding a scimitar of holy wrath and wearing a large shield (almost dead, encased in ice, haloed)
A storm cloud blasts the area with cutting wind!
The cutting wind hits Mennas.
Mennas gets badly buffeted.
You kill Mennas!
Qazlal accepts your kill.
Your Dodging skill increases to level 13!
Your Evocations skill increases to level 12!
Unknown command.
Unknown command.
You feel a little less agile now.
You start resting.
You feel a little less mighty now.
You start resting.
Restored 3 HP.
You have now: 54/147 HP.
Aiming: Upheaval
Press: ? - help, Dir - move target cursor, f - Nikola
Aim: Nikola, wielding a rapier of electrocution, wearing an embroidered cloak and wearing a pair of gloves That beam is likely to hit you.
Continue anyway?
Okay, then.
Unknown command.
Read which item? (? for menu, Esc to quit)
As you read the scroll of fear, it crumbles to dust.
You assume a fearsome visage.
Nikola resists with almost no effort.
Unknown command.
Read which item? (? for menu, Esc to quit)
As you read the scroll of fear, it crumbles to dust.
You assume a fearsome visage.
Nikola resists with almost no effort.
Nikola misses you.
Unknown command.
You slash Nikola!
There is a sudden explosion of sparks!
Nikola is lightly wounded.
You barely miss Nikola.
Nikola is lightly wounded.
Nikola gestures wildly while chanting.
You hear a mighty clap of thunder!
The lightning arc hits you!
* * * LOW HITPOINT WARNING * * *
The lightning arc hits Nikola.
The lightning arc hits you!
* * * LOW HITPOINT WARNING * * *
The lightning arc hits Nikola.
The lightning arc hits you!
* * * LOW HITPOINT WARNING * * *
The lightning arc hits Nikola. !MASSIVE DAMAGE!
YOU LOST 41 HP!
You have now: 14/147 HP.
Unknown command.
Drink which item? (? for menu, Esc to quit)
You fade into invisibility!
Nikola casts a spell at you. The bolt of lightning hits you!
You die...

Action                   |  1- 3 |  4- 6 |  7- 9 | 10-12 | 13-15 || total
-------------------------+-------+-------+-------+-------+-------++-------
Melee: Long sword        |    18 |       |       |       |       ||    18
       Scimitar          |     5 |    11 |    46 |   154 |   126 ||   342
       Staff             |       |       |       |       |    10 ||    10
Throw: Throwing net      |       |       |       |       |     3 ||     3
Invok: Upheaval          |       |       |     6 |    38 |    71 ||   115
       Disaster Area     |       |       |       |     6 |     8 ||    14
       Elemental Force   |       |       |       |     1 |       ||     1
Evoke: Wand              |     1 |     4 |     2 |       |       ||     7
       Staff of energy   |       |       |       |       |    17 ||    17
  Use: Scroll            |     1 |       |     1 |     1 |     6 ||     9
       Potion            |     1 |       |     1 |     1 |    13 ||    16
  Eat: Chunk             |     2 |     2 |     2 |    20 |    24 ||    50
       Meat ration       |       |       |       |       |     2 ||     2

Notes
Turn   | Place    | Note
--------------------------------------------------------------
     0 | D        | hexophile the Ghoul Gladiator began the quest for the Orb.
     0 | D        | Reached XP level 1. HP: 17/17 MP: 0/0
     6 | D        | Reached skill level 3 in Long Blades
    20 | D        | Reached skill level 4 in Long Blades
    37 | D        | Noticed a hound
    37 | D        | Noticed a crimson imp
    39 | D        | Reached XP level 2. HP: 22/24 MP: 1/1
    42 | D        | Found a glowing silver altar of Zin.
    42 | D        | Found a glowing golden altar of the Shining One.
    42 | D        | Found an ancient bone altar of Kikubaaqudgha.
    42 | D        | Found a basalt altar of Yredelemnul.
    42 | D        | Found a shimmering altar of Xom.
    42 | D        | Found a radiant altar of Vehumet.
    43 | D        | Found an iron altar of Okawaru.
    44 | D        | Found a burning altar of Makhleb.
    45 | D        | Found a deep blue altar of Sif Muna.
    46 | D        | Found a bloodstained altar of Trog.
    47 | D        | Found a sparkling altar of Nemelex Xobeh.
    48 | D        | Found a white marble altar of Elyvilon.
    49 | D        | Found a roughly hewn altar of Beogh.
    50 | D        | Found a viscous altar of Jiyva.
    51 | D        | Found a corrupted altar of Lugonu.
    52 | D        | Found a blossoming altar of Fedhas.
    53 | D        | Found a snail-covered altar of Cheibriados.
    54 | D        | Found a shadowy altar of Dithmenos.
    55 | D        | Found a stormy altar of Qazlal.
    56 | D        | Found an opulent altar of Gozag.
    57 | D        | Found a sacrificial altar of Ru.
    63 | D        | Became a worshipper of Qazlal Stormbringer
    85 | D        | Reached skill level 5 in Long Blades
    85 | D        | Killed a crimson imp
    85 | D        | Reached * piety under Qazlal
    85 | D        | Reached skill level 7 in Long Blades
    85 | D        | Reached XP level 3. HP: 18/29 MP: 2/2
    86 | D        | Killed a hound
    86 | D        | Reached skill level 8 in Long Blades
    86 | D        | Reached XP level 4. HP: 16/36 MP: 3/3
   175 | D        | Noticed a centaur
   175 | D        | Noticed a komodo dragon
   175 | D        | Noticed a giant frog
   179 | D        | Killed a centaur
   179 | D        | Reached ** piety under Qazlal
   179 | D        | Reached skill level 9 in Long Blades
   179 | D        | Reached skill level 5 in Invocations
   179 | D        | Reached XP level 5. HP: 41/41 MP: 3/7
   183 | D        | Killed a komodo dragon
   183 | D        | Reached skill level 10 in Long Blades
   183 | D        | Reached skill level 9 in Invocations
   183 | D        | Reached XP level 6. HP: 39/48 MP: 3/11
   184 | D        | Reached skill level 11 in Long Blades
   189 | D        | Killed a giant frog
   189 | D        | Reached XP level 7. HP: 44/55 MP: 4/13
   190 | D        | Reached *** piety under Qazlal
   205 | D        | Noticed a giant frog
   205 | D        | Noticed a giant frog
   205 | D        | Noticed a manticore
   205 | D        | Noticed a worker ant
   205 | D        | Noticed a tengu warrior
   206 | D        | Killed a giant frog
   206 | D        | Reached skill level 3 in Fighting
   212 | D        | Killed a giant frog
   217 | D        | Killed a worker ant
   217 | D        | Reached skill level 4 in Fighting
   217 | D        | Reached skill level 10 in Invocations
   218 | D        | Killed a manticore
   218 | D        | Reached **** piety under Qazlal
   218 | D        | Reached skill level 6 in Fighting
   218 | D        | Reached skill level 12 in Long Blades
   218 | D        | Reached skill level 11 in Invocations
   218 | D        | Reached XP level 8. HP: 32/71 MP: 7/15
   283 | D        | Killed a tengu warrior
   283 | D        | Reached skill level 8 in Fighting
   283 | D        | Reached skill level 12 in Invocations
   302 | D        | Killed an unseen horror
   302 | D        | Reached skill level 9 in Fighting
   302 | D        | Reached skill level 13 in Long Blades
   302 | D        | Reached XP level 9. HP: 51/84 MP: 3/17
   547 | D        | Noticed a wolf
   547 | D        | Noticed an iguana
   547 | D        | Noticed an iguana
   547 | D        | Noticed a water moccasin
   547 | D        | Noticed a giant frog
   555 | D        | Noticed a basilisk
   556 | D        | Killed a wolf
   556 | D        | Reached skill level 13 in Invocations
   567 | D        | Killed an iguana
   568 | D        | Killed an iguana
   568 | D        | Reached skill level 10 in Fighting
   575 | D        | Killed a water moccasin
   576 | D        | Killed a giant frog
   576 | D        | Reached ***** piety under Qazlal
   594 | D        | Killed a basilisk
   607 | D        | Noticed a hell rat
   608 | D        | Noticed a fire drake
   609 | D        | Killed a hell rat
   610 | D        | Killed a fire drake
   681 | D        | Noticed a giant frog
   681 | D        | Noticed a blink frog
   681 | D        | Noticed a seven-headed hydra
   681 | D        | Noticed a crocodile
   681 | D        | Noticed a hippogriff
   682 | D        | Killed a blink frog
   682 | D        | Reached skill level 11 in Fighting
   682 | D        | Killed a giant frog
   682 | D        | Killed a crocodile
   682 | D        | Reached XP level 10. HP: 91/95 MP: 19/19
   682 | D        | Killed a hippogriff
   682 | D        | Reached skill level 14 in Long Blades
   683 | D        | Noticed a death yak
   683 | D        | Killed a seven-headed hydra
   683 | D        | Reached skill level 14 in Invocations
   685 | D        | Noticed an elephant
   686 | D        | Noticed an eight-headed hydra
   813 | D        | Killed a death yak
   813 | D        | Reached skill level 12 in Fighting
   813 | D        | Reached skill level 2 in Spellcasting
   821 | D        | Killed an elephant
   904 | D        | Killed a ten-headed hydra
   904 | D        | Reached skill level 3 in Spellcasting
   904 | D        | Reached skill level 15 in Invocations
  1123 | D        | Noticed an elephant
  1123 | D        | Noticed an elephant
  1123 | D        | Noticed a dire elephant
  1123 | D        | Noticed an elephant
  1123 | D        | Noticed an elephant
  1123 | D        | Noticed an elephant
  1124 | D        | Killed an elephant
  1124 | D        | Reached skill level 4 in Spellcasting
  1124 | D        | Killed an elephant
  1124 | D        | Reached skill level 13 in Fighting
  1124 | D        | Reached skill level 15 in Long Blades
  1125 | D        | Noticed an elephant
  1130 | D        | Noticed an elephant
  1139 | D        | Killed a dire elephant
  1139 | D        | Reached skill level 5 in Spellcasting
  1139 | D        | Reached XP level 11. HP: 51/106 MP: 14/21
  1153 | D        | Killed an elephant
  1153 | D        | Killed an elephant
  1157 | D        | Killed an elephant
  1177 | D        | Killed an elephant
  1177 | D        | Reached skill level 16 in Invocations
  1426 | D        | Killed an elephant
  1426 | D        | Reached skill level 14 in Fighting
  1426 | D        | Reached skill level 6 in Spellcasting
  1486 | D        | Noticed Erica
  1489 | D        | Killed Erica
  1596 | D        | Noticed an orc wizard
  1596 | D        | Noticed an orc wizard
  1596 | D        | Noticed an orc priest
  1596 | D        | Noticed an orc warrior
  1597 | D        | Killed an orc wizard
  1598 | D        | Killed an orc wizard
  1599 | D        | Killed an orc warrior
  1600 | D        | Noticed an orc wizard
  1601 | D        | Killed an orc priest
  1619 | D        | Noticed an orc warrior
  1623 | D        | Killed an orc wizard
  1625 | D        | Killed an orc warrior
  1771 | D        | Noticed an orc priest
  1774 | D        | Killed an orc priest
  1796 | D        | Noticed an orc warrior
  1797 | D        | Noticed an orc priest
  1798 | D        | Noticed an orc priest
  1801 | D        | Noticed an orc priest
  1804 | D        | Killed an orc warrior
  1807 | D        | Killed an orc priest
  1813 | D        | Killed an orc priest
  1815 | D        | Killed an orc priest
  1815 | D        | Reached ****** piety under Qazlal
  1854 | D        | Noticed an orc warrior
  1854 | D        | Noticed an orc warrior
  1854 | D        | Noticed an orc warrior
  1854 | D        | Noticed an orc warrior
  1854 | D        | Noticed an orc warrior
  1854 | D        | Noticed an orc warrior
  1856 | D        | Noticed an orc knight
  1856 | D        | Killed an orc warrior
  1856 | D        | Reached skill level 7 in Spellcasting
  1857 | D        | Killed an orc warrior
  1857 | D        | Killed an orc warrior
  1858 | D        | Killed an orc warrior
  1882 | D        | Killed an orc warrior
  1903 | D        | Killed an orc knight
  2016 | D        | Noticed an orc warrior
  2018 | D        | Killed an orc warrior
  2041 | D        | Killed an orc warrior
  2046 | D        | Noticed an orc knight
  2047 | D        | Noticed an orc warrior
  2048 | D        | Noticed an orc warrior
  2050 | D        | Killed an orc warrior
  2051 | D        | Killed an orc warrior
  2052 | D        | Killed an orc knight
  2052 | D        | Reached skill level 15 in Fighting
  2052 | D        | Reached skill level 17 in Invocations
  2059 | D        | Noticed an orc wizard
  2069 | D        | Killed an orc wizard
  2110 | D        | Found Wuaceule's Distillery.
  2110 | D        | Noticed an orc sorcerer
  2110 | D        | Noticed an orc knight
  2113 | D        | Killed an orc sorcerer
  2113 | D        | Reached skill level 8 in Spellcasting
  2119 | D        | Noticed an orc high priest
  2119 | D        | Killed an orc knight
  2119 | D        | Reached XP level 12. HP: 114/121 MP: 8/23
  2124 | D        | Killed an orc high priest
  2274 | D        | Found Doinwu's Antique Armour Shoppe.
  2277 | D        | Found Quca's Gadget Emporium.
  2280 | D        | Found Nane's Armour Shoppe.
  2285 | D        | Noticed an orc knight
  2303 | D        | Killed an orc knight
  2322 | D        | Bought a faintly glowing hat for 198 gold pieces
  2332 | D        | Identified the +2 hat of the Big Bang {MR+} (You bought it in a shop in the Dungeon)
  2349 | D        | Bought the +7 Kryia's mail coat {DeviceHeal*2 rC+} for 1166 gold pieces
  2458 | D        | Noticed Psyche
  2459 | D        | Killed Psyche
  2522 | D        | Got the +1 spear of Death {venom, +Blink Str+2}
  2606 | D        | Noticed a gargoyle
  2606 | D        | Noticed a yaktaur
  2606 | D        | Noticed a tengu conjurer
  2606 | D        | Noticed a hill giant
  2606 | D        | Noticed a yaktaur
  2606 | D        | Noticed a wolf spider
  2607 | D        | Killed a hill giant
  2607 | D        | Reached skill level 9 in Spellcasting
  2607 | D        | Killed a yaktaur
  2607 | D        | Reached skill level 16 in Fighting
  2607 | D        | Killed a tengu conjurer
  2607 | D        | Killed a wolf spider
  2607 | D        | Killed a yaktaur
  2610 | D        | Noticed a troll
  2612 | D        | Noticed a kobold demonologist
  2614 | D        | Killed a troll
  2614 | D        | Reached skill level 18 in Invocations
  2614 | D        | Killed a kobold demonologist
  2621 | D        | Noticed a tengu warrior
  2624 | D        | Killed a gargoyle
  2626 | D        | Killed a tengu warrior
  2626 | D        | Reached skill level 10 in Spellcasting
  2639 | D        | Noticed an ogre mage
  2647 | D        | Noticed a necromancer
  2651 | D        | Killed an ogre mage
  2659 | D        | Killed a necromancer
  2661 | D        | Noticed a tengu conjurer
  2674 | D        | Killed a tengu conjurer
  2683 | D        | Noticed a stone giant
  2688 | D        | Noticed a fire giant
  2689 | D        | Noticed a centaur warrior
  2697 | D        | Killed a stone giant
  2697 | D        | Reached skill level 17 in Fighting
  2704 | D        | Killed a fire giant
  2704 | D        | Reached skill level 19 in Invocations
  2706 | D        | Killed a centaur warrior
  2706 | D        | Reached skill level 11 in Spellcasting
  2920 | D        | Noticed a thorn hunter
  2920 | D        | Noticed a swamp drake
  2920 | D        | Noticed a four-headed hydra
  2920 | D        | Noticed a thorn hunter
  2920 | D        | Noticed a swamp dragon
  2920 | D        | Noticed a swamp drake
  2929 | D        | Killed a swamp drake
  2931 | D        | Killed a thorn hunter
  2931 | D        | Reached skill level 2 in Armour
  2931 | D        | Reached skill level 3 in Dodging
  2931 | D        | Reached XP level 13. HP: 77/132 MP: 27/27
  2931 | D        | Killed a swamp drake
  2931 | D        | Killed a four-headed hydra
  2931 | D        | Reached skill level 3 in Armour
  2931 | D        | Reached skill level 4 in Dodging
  2931 | D        | Killed a thorn hunter
  2931 | D        | Reached skill level 4 in Armour
  2931 | D        | Reached skill level 5 in Dodging
  2931 | D        | Killed a seven-headed hydra
  2943 | D        | Killed a swamp dragon
  2943 | D        | Reached skill level 1 in Evocations
  2948 | D        | Noticed an alligator
  2949 | D        | Killed an alligator
  2964 | D        | Noticed a swamp drake
  2965 | D        | Killed a swamp drake
  3049 | D        | Noticed an anaconda
  3049 | D        | Noticed a naga mage
  3049 | D        | Noticed a guardian serpent
  3049 | D        | Noticed a salamander
  3049 | D        | Noticed a naga mage
  3049 | D        | Noticed an anaconda
  3050 | D        | Killed a salamander
  3050 | D        | Killed a guardian serpent
  3050 | D        | Reached skill level 2 in Evocations
  3050 | D        | Killed a naga mage
  3050 | D        | Killed an anaconda
  3050 | D        | Reached skill level 5 in Armour
  3050 | D        | Reached skill level 12 in Spellcasting
  3050 | D        | Killed a black mamba
  3050 | D        | Reached skill level 6 in Dodging
  3050 | D        | Reached skill level 3 in Evocations
  3051 | D        | Killed a naga mage
  3052 | D        | Noticed a shock serpent
  3063 | D        | Killed an anaconda
  3064 | D        | Noticed a naga warrior
  3065 | D        | Killed a shock serpent
  3068 | D        | Killed a naga warrior
  3068 | D        | Reached skill level 6 in Armour
  3068 | D        | Reached skill level 20 in Invocations
  3068 | D        | Reached skill level 4 in Evocations
  3208 | D        | Noticed a sea snake
  3208 | D        | Noticed a siren
  3208 | D        | Noticed a griffon
  3208 | D        | Noticed a sea snake
  3208 | D        | Noticed a manticore
  3208 | D        | Noticed a water elemental
  3209 | D        | Noticed a merfolk avatar
  3209 | D        | Killed a griffon
  3209 | D        | Killed a siren
  3211 | D        | Killed a manticore
  3211 | D        | Killed a sea snake
  3211 | D        | Reached skill level 7 in Dodging
  3211 | D        | Killed a merfolk avatar
  3211 | D        | Reached skill level 5 in Evocations
  3213 | D        | Noticed a satyr
  3213 | D        | Killed a sea snake
  3214 | D        | Killed a satyr
  3214 | D        | Reached skill level 7 in Armour
  3215 | D        | Killed a water elemental
  3216 | D        | Noticed a siren
  3218 | D        | Killed a siren
  3367 | D        | Noticed a redback
  3367 | D        | Noticed an orb spider
  3367 | D        | Noticed a demonic crawler
  3367 | D        | Noticed a hornet
  3367 | D        | Noticed an orb spider
  3368 | D        | Noticed a hornet
  3368 | D        | Killed an orb spider
  3368 | D        | Killed a hornet
  3368 | D        | Killed an orb spider
  3368 | D        | Reached skill level 8 in Dodging
  3368 | D        | Reached skill level 6 in Evocations
  3368 | D        | Killed a hornet
  3368 | D        | Killed a trapdoor spider
  3369 | D        | Noticed a trapdoor spider
  3369 | D        | Killed a demonic crawler
  3370 | D        | Noticed a demonic crawler
  3370 | D        | Killed a redback
  3371 | D        | Killed a trapdoor spider
  3372 | D        | Killed a demonic crawler
  3543 | D        | Noticed an orc warrior
  3544 | D        | Killed an orc warrior
  3545 | D        | Noticed Saint Roka
  3546 | D        | Noticed an orc warrior
  3546 | D        | Killed an orc warrior
  3548 | D        | Noticed an orc warrior
  3548 | D        | Killed an orc warrior
  3549 | D        | Noticed an orc wizard
  3549 | D        | Killed an orc wizard
  3553 | D        | Killed Saint Roka
  3553 | D        | Reached skill level 8 in Armour
  3553 | D        | Reached skill level 9 in Dodging
  3553 | D        | Reached skill level 13 in Spellcasting
  3553 | D        | Reached skill level 7 in Evocations
  3553 | D        | Reached XP level 14. HP: 124/140 MP: 4/30
  3740 | D        | Noticed an entropy weaver
  3740 | D        | Noticed a fire dragon
  3740 | D        | Noticed an ogre mage
  3740 | D        | Noticed a giant orange brain
  3740 | D        | Noticed a tengu warrior
  3740 | D        | Noticed an entropy weaver
  3741 | D        | Killed a giant orange brain
  3741 | D        | Killed a tengu warrior
  3741 | D        | Killed an ogre mage
  3741 | D        | Reached skill level 9 in Armour
  3741 | D        | Killed a fire dragon
  3741 | D        | Reached skill level 21 in Invocations
  3741 | D        | Killed an entropy weaver
  3741 | D        | Reached skill level 8 in Evocations
  3741 | D        | Killed a great orb of eyes
  3743 | D        | Noticed a great orb of eyes
  3752 | D        | Killed a great orb of eyes
  3752 | D        | Killed an entropy weaver
  3769 | D        | Noticed a frost giant
  3773 | D        | Killed a frost giant
  3773 | D        | Reached skill level 10 in Dodging
  3776 | D        | Noticed a yaktaur captain
  4354 | D        | Killed a yaktaur captain
  4438 | D        | Noticed a fire giant
  4446 | D        | Killed a fire giant
  4446 | D        | Reached skill level 10 in Armour
  4446 | D        | Reached skill level 9 in Evocations
  4550 | D        | Noticed a fire giant
  4553 | D        | Killed a fire giant
  4554 | D        | Noticed a tengu warrior
  4554 | D        | Killed a tengu warrior
  4554 | D        | Reached skill level 14 in Spellcasting
  4555 | D        | Noticed a lich
  4558 | D        | Killed a lich
  4559 | D        | Noticed a cyan very ugly thing
  4594 | D        | Noticed an ettin
  4601 | D        | Killed an ettin
  4601 | D        | Reached skill level 11 in Dodging
  4606 | D        | Killed a cyan very ugly thing
  4606 | D        | Reached skill level 10 in Evocations
  4616 | D        | Noticed a fire dragon
  4633 | D        | Killed a fire dragon
  4847 | D        | Noticed a great orb of eyes
  4861 | D        | Killed a great orb of eyes
  4871 | D        | Noticed a wraith
  4871 | D        | Noticed a white ugly thing
  4871 | D        | Noticed a wraith
  4871 | D        | Noticed a vampire mosquito
  4871 | D        | Noticed a fire crab
  4871 | D        | Noticed a great orb of eyes
  4879 | D        | Noticed a yaktaur captain
  4879 | D        | Killed a white ugly thing
  4879 | D        | Reached skill level 11 in Armour
  4881 | D        | Noticed a yaktaur captain
  4882 | D        | Killed a vampire mosquito
  4885 | D        | Killed a wraith
  4886 | D        | Noticed an unseen horror
  4889 | D        | Killed a wraith
  4891 | D        | Killed a fire crab
  4894 | D        | Noticed a vault warden
  4897 | D        | Noticed an ironheart preserver
  4900 | D        | Noticed a freezing wraith
  4902 | D        | Killed a great orb of eyes
  4916 | D        | Killed a yaktaur captain
  4934 | D        | Killed a yaktaur captain
  4934 | D        | Reached skill level 22 in Invocations
  4943 | D        | Killed an unseen horror
  4964 | D        | Killed a vault warden
  4964 | D        | Reached XP level 15. HP: 46/147 MP: 29/32
  4966 | D        | Killed an ironheart preserver
  4966 | D        | Reached skill level 12 in Dodging
  4971 | D        | Killed a freezing wraith
  4971 | D        | Reached skill level 11 in Evocations
  5020 | D        | Noticed a spiny frog
  5021 | D        | Noticed a vault sentinel
  5021 | D        | Noticed a white very ugly thing
  5022 | D        | Killed a spiny frog
  5022 | D        | Killed a white very ugly thing
  5022 | D        | Killed a vault sentinel
  5042 | D        | Noticed a vault warden
  5042 | D        | Noticed an ironheart preserver
  5045 | D        | Killed a vault warden
  5045 | D        | Reached skill level 12 in Armour
  5045 | D        | Reached skill level 15 in Spellcasting
  5046 | D        | Killed an ironheart preserver
  5047 | D        | Noticed a purple ugly thing
  5048 | D        | Killed a purple ugly thing
  5089 | D        | Noticed a yaktaur captain
  5092 | D        | Killed a yaktaur captain
  5158 | D        | Noticed a yaktaur captain
  5160 | D        | Killed a yaktaur captain
  5178 | D        | Noticed a vault warden
  5181 | D        | Killed a vault warden
  5310 | D        | Noticed Mennas
  5314 | D        | Noticed Nikola
  5342 | D        | Killed Mennas
  5342 | D        | Reached skill level 13 in Dodging
  5342 | D        | Reached skill level 12 in Evocations
  5394 | D        | Killed from afar by Nikola

Table legend:
 A = Turns spent in this place as a percentage of turns spent in the entire game.
 B = Non-inter-level travel turns spent in this place as a percentage of non-inter-level travel turns spent in the entire game.
 C = Inter-level travel turns spent in this place as a percentage of turns spent in this place.
 D = Turns resting spent in this place as a percentage of non-inter-level travel turns spent in this place.
 E = Turns spent auto-exploring this place as a percentage of non-inter-level travel turns spent in this place.
 F = Non-inter-level travel turns spent in this place divided by the number of levels of this place that you've seen.
                   A       B       C       D       E      F
               +-------+-------+-------+-------+-------+----------------------
         Total | 100.0 | 100.0 |   0.0 |   5.1 |   1.3 | 2082.0
       Dungeon | 100.0 | 100.0 |   0.0 |   5.1 |   1.3 | 2082.0
               +-------+-------+-------+-------+-------+----------------------

Table legend:
 A = Kills in this place as a percentage of kills in entire the game.
 B = Kills by you in this place as a percentage of kills by you in the entire game.
 C = Kills by friends in this place as a percentage of kills by friends in the entire game.
 D = Other kills in this place as a percentage of other kills in the entire game.
 E = Experience gained in this place as a percentage of experience gained in the entire game.
 F = Experience gained in this place divided by the number of levels of this place that you have seen.
                   A       B       C       D       E      F
               +-------+-------+-------+-------+-------+----------------------
         Total | 100.0 | 100.0 |  -nan | 100.0 | 100.0 | 105150.0
       Dungeon | 100.0 | 100.0 |  -nan | 100.0 | 100.0 | 105150.0
               +-------+-------+-------+-------+-------+----------------------

Vanquished Creatures
  Mennas (D)
  Saint Roka (D)
  A lich (D)
  2 thorn hunters (D)
  2 fire giants (D)
  3 vault wardens (D)
  A frost giant (D)
  2 ironheart preservers (D)
  A stone giant (D)
  2 very ugly things (D)
  A dire elephant (D)
  An ettin (D)
  2 fire dragons (D)
  2 entropy weavers (D)
  5 yaktaur captains (D)
  2 ogre magi (D)
  A naga warrior (D)
  4 great orbs of eyes (D)
  A merfolk avatar (D)
  A centaur warrior (D)
  3 hydras (D)
  2 anacondas (D)
  Erica (D)
  A death yak (D)
  An alligator (D)
  A satyr (D)
  4 tengu warriors (D)
  An orc high priest (D)
  A shock serpent (D)
  A fire crab (D)
  A giant orange brain (D)
  2 sea snakes (D)
  2 unseen horrors (D)
  A swamp dragon (D)
  A hill giant (D)
  4 orc knights (D)
  2 orb spiders (D)
  An orc sorcerer (D)
  2 manticores (D)
  2 hornets (D)
  2 ugly things (D)
  A necromancer (D)
  A wolf spider (D)
  2 naga magi (D)
  A griffon (D)
  A salamander (D)
  A guardian serpent (D)
  8 elephants (D)
  A black mamba (D)
  2 sirens (D)
  Psyche (D)
  A gargoyle (D)
  A vault sentinel (D)
  A kobold demonologist (D)
  A spiny frog (shapeshifter) (D)
  A komodo dragon (D)
  2 yaktaurs (D)
  2 tengu conjurers (D)
  A fire drake (D)
  2 demonic crawlers (D)
  A freezing wraith (D)
  A troll (D)
  A blink frog (D)
  2 trapdoor spiders (D)
  A redback (D)
  2 wraiths (D)
  A water elemental (D)
  A wolf (D)
  A basilisk (D)
  A hippogriff (D)
  15 orc warriors (D)
  A water moccasin (D)
  A vampire mosquito (D)
  2 swamp drakes (D)
  A centaur (D)
  A crocodile (D)
  5 giant frogs (D)
  A crimson imp (D)
  A hound (D)
  2 iguanas (D)
  5 orc priests (D)
  5 orc wizards (D)
  2 sheep (D)
  A hell rat (D)
  A worker ant (D)
  An adder (D)
  A shadow imp (D)
  16 orcs (D)
  A goblin (D)
  A hobgoblin (D)
  3 bats (D)
  A giant cockroach zombie (D)
  2 briar patches (D)
185 creatures vanquished.

Vanquished Creatures (others)
  A fire giant (D)
  A hydra (D)
  A swamp drake (D)
3 creatures vanquished.

Grand Total: 188 creatures vanquished
